[Event "*** Titled Tuesday 3|2 Blitz"]
[Site "Chess.com"]
[Date "2017.03.07"]
[Round "4"]
[White "Cayse"]
[Black "tjallkompall"]
[Result "1-0"]
[WhiteElo "2553"]
[BlackElo "2468"]
[TimeControl "180+2"]
[EndTime "13:55:44 PST"]
[Termination "Cayse won on time"]

1. e4 c5 2. Nf3 g6 3. d4 cxd4 4.
Nxd4 Bg7 5. c4 Nc6 6. Be3 Nf6 7.
Nc3 d6 8. Be2 O-O 9. O-O Nxd4 10. Bxd4 Bd7 11. Qd2 Bc6 12. f3 a5 13. b3 Nd7 14. Be3 Nc5 15. Rab1 e6 16. Rfd1 Be5 17. Bd4 Qe7 18. Bf1 Rfd8 19. Qe3 b6 20. g3 Bxd4 21. Rxd4 e5 22. Rd2 Ne6 23. Qxb6 Nd4 24.
Rxd4 exd4 25. Qxd4 Rab8 26. Kf2 Rb4 27. a3 Rbb8 28.
b4 axb4 29. axb4 Ra8 30. b5 Bb7 31. Rd1 Ra3 32. e5 Qe6 33. exd6 Qf5 34. Be2 Re8 35. d7 Rd8 36. Rd3 Qh3 37. Qe5 Qxh2+ 38. Ke3 Qg1+ 39. Kf4 Qb6 40. c5 Qa5 41. c6 f6 42. Qe6+ Kg7 43. Ne4 Qc7+ 44. Qd6 Qxd6+ 45. Nxd6 Ra4+ 46.
Ke3 Bxc6 47. bxc6 Ra7 48. c7 Rxc7 49. Ne8+ 1-0

[Event "*** Titled Tuesday 3|2 Blitz"]
[Site "Chess.com"]
[Date "2017.03.07"]
[Round "4"]
[White "Hanging_pointer"]
[Black "JSMastropiero"]
[Result "1-0"]
[WhiteElo "2284"]
[BlackElo "2193"]
[TimeControl "180+2"]
[EndTime "13:55:51 PST"]
[Termination "Hanging_pointer won on time"]

1. e4 e6 2. d4 d5 3. Nd2 a6 4.
Ngf3 c5 5. exd5 exd5 6. dxc5 Bxc5 7. Nb3 Bb6 8. Be2 Nf6 9. O-O O-O 10. c3 Nc6 11.
Bg5 h6 12. Bh4 g5 13. Bg3 Ne4 14. Nfd4 Qf6 15. Nf3 Bf5 16. Nbd4 Bg4 17. Nxc6 bxc6 18. Ne5 Bxe2 19. Qxe2 Rad8 20. Kh1 Rfe8 21. f4 gxf4 22.
Qg4+ Qg5 23. Bh4 Qxg4 24. Nxg4 Rd6 25. Rxf4 Rde6 26. Raf1 Rf8 27. h3 Bc7 28. Rf5 Bg3 29.
Nf6+ Nxf6 30. Bxf6 Re1 31. Rxe1 Bxe1 32. Rf4 Kh7 33.
Bd4 Bg3 34. Rf6 Bh4 35. Rxc6 Re8 36. g4 Re1+ 37. Kg2 Re2+ 38. Kf3 Rxb2 39. Rxa6 Rc2 40. a4 Be1 41. Rc6 Ra2 42. Rc7 Kg8 43. Rc8+ Kh7 44.
h4 Rxa4 45. h5 f6 46. Bxf6 1-0

[Event "*** Titled Tuesday 3|2 Blitz"]
[Site "Chess.com"]
[Date "2017.03.07"]
[Round "4"]
[White "SantoBlue"]
[Black "DeviatkinAndrey"]
[Result "1-0"]
[WhiteElo "2410"]
[BlackElo "2505"]
[TimeControl "180+2"]
[EndTime "13:55:56 PST"]
[Termination "SantoBlue won by resignation"]

1. Nf3 d5 2. g3 Bg4 3. Bg2 Nd7 4.
O-O e6 5. d3 Ngf6 6. Nbd2 Be7 7.
h3 Bxf3 8. Bxf3 O-O 9. Bg2 c6 10.
b3 a5 11. a3 Qc7 12. Bb2 Rfe8 13. e3 Rad8 14. c4 Nc5 15. d4 Nce4 16. Nxe4 Nxe4 17. Qc2 f5 18. Rac1 Qd7 19. g4 Bd6 20. f3 Nf6 21. Qc3 Bc7 22. Rcd1 fxg4 23. fxg4 Qd6 24. Rf4 Rf8 25.
c5 Qe7 26. Rff1 h5 27. Qc2 hxg4 28. Qg6 Rf7 29. hxg4 Rdf8 30. Rf3 Ne4 31. Rh3 Ng5 32. Rh5 Qf6 33. Qxg5 Qf2+ 34. Kh1 Qxb2 35. Qh4 Rf6 36. g5 Qc2 37. Rg1 Rf5 38. g6 Rxh5 39. Qxh5 Rf5 40. Qh7+ Kf8 41. Qh8+ Ke7 42. Qxg7+ Kd8 43. Qh8+ Kd7 44.
Qh7+ Kc8 45. g7 Rh5+ 46. Qxh5 1-0

[Event "*** Titled Tuesday 3|2 Blitz"]
[Site "Chess.com"]
[Date "2017.03.07"]
[Round "4"]
[White "jncool68"]
[Black "Genghis_K"]
[Result "0-1"]
[WhiteElo "2530"]
[BlackElo "2713"]
[TimeControl "180+2"]
[EndTime "13:55:57 PST"]
[Termination "Genghis_K won by resignation"]

1. e4 c5 2. Nf3 d6 3. d4 cxd4 4.
Nxd4 Nf6 5. Nc3 a6 6. Bg5 Nbd7 7.
Bc4 e6 8. O-O Qa5 9. Qd2 h6 10.
Be3 Ne5 11. Bb3 Neg4 12. Ba4+ b5 13. Ncxb5 axb5 14. Bxb5+ Bd7 15. b4 Qc7 16. a4 Be7 17.
Bxd7+ Qxd7 18. b5 O-O 19. Nc6 Nxe4 20. Qb4 Nxe3 21. fxe3 f5 22. c4 Bg5 23. Rf3 d5 24. Rd1 Bf6 25. cxd5 exd5 26. a5 Nc3 27. Rd3 Nxb5 28.
Qxb5 Rfc8 29. Nd4 Qxb5 30. Nxb5 Rxa5 31. Rxd5 Bg5 32. h4 Rc1+ 33. Kh2 Bxh4 34. Rdxf5 Raa1 35. g3 Rh1+ 36. Kg2 Rag1+ 37. Kf2 Bxg3+ 38. Rxg3 Rf1+ 39. Kg2 Rxf5 40. Kxh1 Rxb5 41. Kg2 g5 42. Kf3 Kg7 43. Rg2 Kg6 44. Rc2 Rf5+ 45. Ke4 h5 46. Rc6+ Rf6 47. Rc8 h4 48. Rh8 Rf7 49. Kd5 Rh7 50. Rg8+ Kf6 51. e4 h3 52. e5+ Kf5 53. Rf8+ Kg4 54. Rf1 h2 55. e6 h1=Q+ 0-1

[Event "*** Titled Tuesday 3|2 Blitz"]
[Site "Chess.com"]
[Date "2017.03.07"]
[Round "4"]
[White "FrankieJay"]
[Black "Andrejkin"]
[Result "0-1"]
[WhiteElo "2281"]
[BlackElo "2251"]
[TimeControl "180+2"]
[EndTime "13:56:09 PST"]
[Termination "Andrejkin won by resignation"]

1. e4 c5 2. Nf3 a6 3. c3 e6 4. d4 d5 5. Bd3 dxe4 6. Bxe4 cxd4 7. cxd4 Nf6 8. Bc2 Nc6 9. O-O Be7 10. Nc3 O-O 11. a3 b5 12. Qd3 Bb7 13. Bg5 g6 14. b4 Rc8 15. Bb3 Ng4 16. Bxe7 Nxe7 17. h3 Bxf3 18. Qxf3 Nh2 19. Kxh2 Qc7+ 20. Kg1 Qxc3 21.
Qxc3 Rxc3 22. Rab1 Rd8 23. Rfd1 Kg7 24. Kf1 Nf5 25. Rdc1 Rxc1+ 26. Rxc1 Nxd4 27. Bd1 e5 28. Rc7 Ne6 29. Rc1 Rd3 30. a4 Rd4 31. Rb1 bxa4 32. Bxa4 a5 33. b5 Rxa4 34. b6 Nd8 35. b7 Nxb7 36. Rxb7 Ra1+ 37. Ke2 a4 38. g4 a3 39. Ra7 a2 40. Kf3 e4+ 41. Kg2 Kf6 42. Kh2 Kg5 43. Kg2 f6 44. Kh2 Kf4 45. Kg2 f5 46. gxf5 gxf5 47. Ra8 h5 48. Ra7 h4 49. Ra3 Ke5 50. Ra5+ Kd4 51. Ra4+ Kc3 52. Ra8 f4 53. Rc8+ Kd2 54. Ra8 Ke2 55. Ra7 f3+ 56. Kh2 e3 57.
fxe3 f2 0-1

[Event "*** Titled Tuesday 3|2 Blitz"]
[Site "Chess.com"]
[Date "2017.03.07"]
[Round "4"]
[White "VMikhalevski"]
[Black "Lupul_Cenusiu"]
[Result "1-0"]
[WhiteElo "2544"]
[BlackElo "2410"]
[TimeControl "180+2"]
[EndTime "13:56:16 PST"]
[Termination "VMikhalevski won by resignation"]

1. Nf3 d6 2. d4 Nf6 3. g3 c6 4. Bg2 g6 5. O-O Bg7 6. b3 O-O 7. Bb2 a5 8. c4 Bf5 9. Nbd2 Ne4 10.
Nh4 d5 11. Nxf5 gxf5 12. Nf3 Nd7 13. e3 e6 14. Ne1 a4 15. Qc2 Qa5 16. Rd1 b5 17. c5 a3 18. Bc1 Rab8 19. Nd3 b4 20. Rde1 Qb5 21. f3 Nc3 22. Bxa3 Nxa2 23. Bb2 Nc3 24.
Ra1 Bh6 25. Rfe1 Ra8 26. Bf1 Rxa1 27. Bxa1 Ra8 28. Nxb4 Rxa1 29. Bxb5 Rxe1+ 30. Kf2 Rxe3 31. Bxc6 Re2+ 32. Qxe2 Nxe2 33. Kxe2 Nb8 34. Bb5 Bf8 35. Nd3 f6 36. Be8 Be7 37. b4 Kf8 38. Ba4 Bd8 39. b5 Ba5 40. b6 Ke7 41. Nf4 Na6 42. Bb5 Nb4 43. Nh5 e5 44. Ng7 f4 45. gxf4 e4 46.
fxe4 dxe4 47. Bc4 Nc6 48. Nf5+ Kd7 49. d5 Nb4 50. c6+ Kd8 51. c7+ Kd7 52. Ne7 Bxb6 53.
c8=Q+ Kxe7 54. Qe6+ 1-0

[Event "*** Titled Tuesday 3|2 Blitz"]
[Site "Chess.com"]
[Date "2017.03.07"]
[Round "4"]
[White "kleinebeer98"]
[Black "Astaneh"]
[Result "1/2-1/2"]
[WhiteElo "2462"]
[BlackElo "2525"]
[TimeControl "180+2"]
[EndTime "13:56:18 PST"]
[Termination "Game drawn by repetition"]

1. e4 c6 2. d4 d5 3. f3 Qb6 4. Nc3 dxe4 5. fxe4 e5 6. Nf3 exd4 7.
Nxd4 Bb4 8. Bc4 Nf6 9. e5 Nd5 10.
Bxd5 cxd5 11. O-O Bc5 12. Be3 Nc6 13. Nxd5 Bxd4 14. Nxb6 Bxe3+ 15. Kh1 Bxb6 16. Qd6 Be6 17. Rad1 Rd8 18. Qa3 Nxe5 19. h3 Rxd1 20. Rxd1 f6 21. b3 Kf7 22. c4 Rc8 23. Qb2 Bc5 24. a3 a5 25. Rf1 Ke7 26. Qc3 b6 27. b4 axb4 28.
axb4 Bd6 29. c5 bxc5 30. bxc5 Rxc5 31. Qg3 Kf7 32. Rd1 Be7 33. Rf1 Ng6 34. Qe3 Re5 35.
Qd2 Bd5 36. Re1 Rxe1+ 37. Qxe1 Nf4 38. Qd2 Bxg2+ 39. Kh2 g5 40. h4 h6 41. hxg5 hxg5 42. Qa2+ Bd5 43. Qd2 Bd6 44. Kg1 Ke6 45. Qe3+ Kf5 46.
Qd2 Bc5+ 47. Kh2 Bd6 48. Kg1 Be5 49. Qd1 Be4 50. Qd7+ Kg6 51. Kf2 Bf5 52. Qe8+ Kh6 53. Qh8+ Bh7 54. Qf8+ Kg6 55. Qe8+ Kg7 56. Qe7+ Kh6 57.
Qf8+ Kh5 58. Qh8 Kg6 59. Qe8+ Kf5 60. Qc8+ Kg6 61. Qe8+ 1/2-1/2

[Event "*** Titled Tuesday 3|2 Blitz"]
[Site "Chess.com"]
[Date "2017.03.07"]
[Round "4"]
[White "Grootneus"]
[Black "P0ubelle"]
[Result "1-0"]
[WhiteElo "2145"]
[BlackElo "2036"]
[TimeControl "180+2"]
[EndTime "13:56:18 PST"]
[Termination "Grootneus won by resignation"]

1. e4 e5 2. Nf3 Nc6 3. Bb5 a6 4. Ba4 Nf6 5. d3 b5 6. Bb3 d6 7. a4 bxa4 8. Bxa4 Bd7 9. O-O Be7 10.
d4 exd4 11. Nxd4 Nxd4 12. Qxd4 O-O 13. Nc3 Bxa4 14. Rxa4 Qd7 15. e5 dxe5 16. Qxe5 Bd6 17. Qg5 Rfb8 18. Qh4 Nd5 19. Nxd5 Bxh2+ 20. Qxh2 Qxa4 21.
Nxc7 Ra7 22. b3 Qc6 23. Nd5 Rd8 24. Nb4 Qc5 25. Be3 Qxb4 26. Bxa7 Qc3 27. Bb6 Rc8 28. Be3 Qxc2 29. Qd6 Qxb3 30. Qxa6 Re8 31. Qc6 Qb8 32. Bf4 Qc8 33. Qxc8 Rxc8 34. Rc1 Re8 35. Rb1 h6 36. Rb8 Rxb8 37. Bxb8 Kh7 38. Kh2 Kg6 39. Kg3 Kf5 40. Ba7 h5 41. Bd4 g5 42. Kf3 h4 43. Bc5 g4+ 44. Ke3 Ke5 45. Ba7 Kf5 46. Bb8 Kg5 47. Bc7 Kf5 48. Bd8 f6 49. Bc7 Kg5 50. Ke4 f5+ 51. Ke3 h3 52. gxh3 gxh3 53. Kf3 Kf6 54.
Kg3 Ke6 55. Kxh3 Kd5 56. Bf4 Ke4 57. Kg3 Kd3 58. Be3 Ke4 59. Bc1 Ke5 60. Kf3 Kf6 61.
Kf4 Ke6 62. Bb2 1-0

[Event "*** Titled Tuesday 3|2 Blitz"]
[Site "Chess.com"]
[Date "2017.03.07"]
[Round "4"]
[White "ZapataCharlesS"]
[Black "workhard91"]
[Result "1-0"]
[WhiteElo "2636"]
[BlackElo "2229"]
[TimeControl "180+2"]
[EndTime "13:56:23 PST"]
[Termination "ZapataCharlesS won by resignation"]

1. d4 Nf6 2. Nf3 e6 3. Bg5 h6 4. Bxf6 Qxf6 5. e4 d6 6. Nc3 g6 7.
e5 Qd8 8. Bb5+ Bd7 9. Qe2 d5 10. h4 a6 11. Bxd7+ Qxd7 12. h5 g5 13. O-O-O Nc6 14.
Nh2 O-O-O 15. Ng4 Bg7 16. Rh3 Ne7 17. b3 Nf5 18. Na4 Qc6 19. Rc3 Qb5 20. Qf3 Bf8 21. Nf6 Bb4 22. Rcd3 Kb8 23. g4 Nh4 24. Qg3 Be7 25. f4 Rc8 26. fxg5 hxg5 27. Rc3 b6 28. Kb2 c5 29. dxc5 bxc5 30. Qf2 c4 31. Qb6+ Qxb6 32. Nxb6 Rc6 33. Na4 Bb4 34. Re3 Rhc8 35. c3 Be7 36.
b4 Bxf6 37. exf6 Rh8 38. Nc5 Kc7 39. a4 Rh6 40. Rf1 e5 41. Rxe5 Rcxf6 42. Re7+ Kd8 43. Rxf7 Rxf1 44. Rxf1 Ng2 45. Rf5 Ne3 46. Rxg5 Rf6 47. Kc1 Rf2 48. Re5 Rc2+ 49. Kb1 Re2 50. Ne6+ Kd7 51. Nd4 Re1+ 52. Ka2 Kd6 53. Rxe3 Rxe3 54. Nf5+ 1-0

[Event "*** Titled Tuesday 3|2 Blitz"]
[Site "Chess.com"]
[Date "2017.03.07"]
[Round "4"]
[White "Gergo85"]
[Black "Paralinch"]
[Result "1/2-1/2"]
[WhiteElo "2434"]
[BlackElo "2606"]
[TimeControl "180+2"]
[EndTime "13:56:23 PST"]
[Termination "Game drawn by repetition"]

1. e4 c6 2. Nc3 d5 3. Nf3 Bg4 4. h3 Bh5 5. exd5 cxd5 6. Bb5+ Nc6 7. g4 Bg6 8. Ne5 Rc8 9. Qe2 e6 10. h4 d4 11. Ne4 Qd5 12. Bxc6+ Rxc6 13. Nxg6 hxg6 14. d3 Nf6 15. Bf4 Bb4+ 16. Kf1 Nxe4 17. dxe4 Qc4 18. Qxc4 Rxc4 19. Rc1 Be7 20. g5 f6 21. Ke2 e5 22. Bd2 Kf7 23. Kd3 Rc6 24.
f4 Rhc8 25. fxe5 fxe5 26. a3 Rb6 27. b3 Bxa3 28. Ra1 Bb4 29. Rxa7 Bxd2 30. Kxd2 Rc7 31. Rf1+ Ke6 32. Ra8 Rbc6 33. Rc1 Rc3 34. Re8+ Re7 35.
Rxe7+ Kxe7 36. Ra1 Kd6 37. Ra7 Kc6 38. Ra5 Kd6 39.
Rd5+ Ke6 40. Rb5 Re3 41. Rb6+ Kf7 42. Rxb7+ Kf8 43. Rb6 Rxe4 44. Rxg6 Rxh4 45. Re6 e4 46. g6 Rh2+ 47. Kd1 e3 48. b4 Rd2+ 49. Kc1 Rf2 50. Kd1 Rd2+ 51. Kc1 Rg2 52. Kd1 Rd2+ 53. Kc1 Rh2 54. Kd1 Rd2+ 55. Kc1 Rf2 56. Kd1 Rd2+ 1/2-1/2

[Event "*** Titled Tuesday 3|2 Blitz"]
[Site "Chess.com"]
[Date "2017.03.07"]
[Round "4"]
[White "hsskoo"]
[Black "Schoenbrunn"]
[Result "0-1"]
[WhiteElo "1907"]
[BlackElo "1846"]
[TimeControl "180+2"]
[EndTime "13:56:25 PST"]
[Termination "Schoenbrunn won on time"]

1. e4 e6 2. d4 d5 3. e5 c5 4. Nf3 cxd4 5. Qxd4 Nc6 6. Bb5 Ne7 7.
O-O Bd7 8. Bxc6 Nxc6 9. Qg4 Rc8 10. c3 h5 11. Qg3 g6 12. Bg5 Be7 13. Bf4 Na5 14. Nbd2 Qb6 15. Rab1 Nc4 16. Nxc4 Rxc4 17. Nd4 Bc5 18. Be3 Qa6 19. Rfc1 Qxa2 20. Qg5 Be7 21. Qg3 b5 22. Bg5 Bc5 23. b3 Bxd4 24. bxc4 Bb6 25. cxb5 O-O 26. Bf6 Rc8 27. Qg5 Qxf2+ 28. Kh1 Be3 29. Qh4 Qxh4 30. Bxh4 Bxc1 31. Rxc1 Bxb5 32. Be7 a6 33. Bb4 Rc4 34. Rd1 Re4 35. Bd6 Re3 36.
Rc1 Kg7 37. h3 f6 38. exf6+ Kxf6 39. Bc5 Re2 40. Kg1 Kf5 0-1

[Event "*** Titled Tuesday 3|2 Blitz"]
[Site "Chess.com"]
[Date "2017.03.07"]
[Round "4"]
[White "daro94"]
[Black "morphy1984"]
[Result "1-0"]
[WhiteElo "2688"]
[BlackElo "2486"]
[TimeControl "180+2"]
[EndTime "13:56:29 PST"]
[Termination "daro94 won by resignation"]

1. e4 e5 2. Nf3 Nc6 3. Bb5 f5 4. d3 fxe4 5. dxe4 Nf6 6. O-O Bc5 7.
Bxc6 bxc6 8. Nxe5 O-O 9. Nd3 Nxe4 10. Nxc5 Nxc5 11. Be3 Ne4 12. Nd2 Nxd2 13. Qxd2 d5 14. Bc5 Re8 15. Rfe1 Bf5 16. c3 a6 17. Qf4 Qd7 18.
f3 Bg6 19. h3 h6 20. Kh2 Kh7 21. Bd4 Qf7 22. Qg3 Rac8 23. Be5 Re7 24. b4 Rce8 25. Re3 Qf5 26. Rae1 Re6 27. a4 R8e7 28. a5 Qc2 29. R1e2 Qf5 30. Qe1 Qf7 31. Kg1 Qf5 32.
Bd4 Rxe3 33. Rxe3 Rxe3 34. Qxe3 Qf7 35. Qe5 Bd3 36. Kh2 Qd7 37. g4 Qd6 38. Kg3 g5 39.
Kf2 Qxe5 40. Bxe5 Kg6 41. Bxc7 h5 42. Ke3 Bb5 43. Kd4 h4 44. Kc5 Kf6 45. f4 gxf4 46. Bxf4 Kg6 47. Bc7 Bf1 48. Kxc6 Bxh3 49. Kxd5 Bxg4 50.
Kc5 Kf7 51. c4 Ke7 52. b5 axb5 53. cxb5 Kd7 54. Bh2 Kc8 55. a6 Bf3 56. Kb6 h3 57. Ka7 Be2 58. b6 1-0

[Event "*** Titled Tuesday 3|2 Blitz"]
[Site "Chess.com"]
[Date "2017.03.07"]
[Round "4"]
[White "pedromartinez91"]
[Black "RoelandPruijssers"]
[Result "0-1"]
[WhiteElo "2349"]
[BlackElo "2507"]
[TimeControl "180+2"]
[EndTime "13:56:31 PST"]
[Termination "RoelandPruijssers won by checkmate"]

1. a3 g6 2. d4 f5 3. Nc3 Nf6 4. Bg5 Bg7 5. Bxf6 Bxf6 6. e4 e6 7. Nf3 d5 8. exd5 exd5 9. Qe2+ Kf7 10. O-O-O Nc6 11. h4 a6 12. h5 g5 13. h6 Re8 14.
Ne5+ Nxe5 15. dxe5 Rxe5 16. Qh5+ Kf8 17. f4 gxf4 18. Bd3 Be6 19. Rhe1 Bf7 20. Qh3 Rxe1 21. Rxe1 Bxc3 22. bxc3 Qf6 23. Qxf5 Qxh6 24. Qe5 f3+ 25. Kb2 fxg2 26. Qh8+ Bg8 27. Ka2 d4+ 28. c4 Qg7 29.
Qxg7+ Kxg7 30. Rg1 b5 31. Rxg2+ Kf6 32. Kb2 bxc4 33.
Be4 Rb8+ 34. Kc1 Ke5 35. Re2 Kd6 36. Rh2 c3 37. Rh6+ Ke5 38. Bxh7 Be6 39. Rh5+ Kd6 40. Rh6 Rf8 41. Rh1 Bd5 42. Rg1 Kc5 43. Bd3 Re8 44. Kd1 a5 45. Rg5 c6 46. Bg6 Rb8 47. Bd3 Rb1+ 48. Ke2 Ra1 49. Be4 Rxa3 50. Kd3 Ra1 51. Bf3 Re1 52. Bxd5 Re3# 0-1

[Event "*** Titled Tuesday 3|2 Blitz"]
[Site "Chess.com"]
[Date "2017.03.07"]
[Round "4"]
[White "johnathan113"]
[Black "Journey_to_GrandMaster_YT"]
[Result "1-0"]
[WhiteElo "2367"]
[BlackElo "2369"]
[TimeControl "180+2"]
[EndTime "13:56:32 PST"]
[Termination "johnathan113 won by resignation"]

1. e4 d6 2. d4 Nf6 3. Nc3 e5 4.
Nf3 Nbd7 5. Bc4 Be7 6. dxe5 dxe5 7. Bxf7+ Kxf7 8. Ng5+ Kg6 9. Ne6 Qg8 10. f4 Bd6 11.
Nd5 h6 12. Nexc7 Nxd5 13. Nxd5 Kh7 14. O-O b6 15. Kh1 Ba6 16. Rf3 Rd8 17. b3 exf4 18. c4 Be5 19. Rb1 g5 20. Rh3 Qg6 21. Bb2 Bxb2 22. Rxb2 Nf6 23. Re2 Rhe8 24. Rd3 Ng4 25. Nc7 Rxd3 26. Qxd3 Ne5 27. Qd2 f3 28. gxf3 Nxf3 29.
Qd7+ Kg8 30. Qxe8+ Qxe8 31. Nxe8 Bb7 32. Kg2 Ne5 33. Nf6+ Kf7 34. Nd5 Ke6 35. Rf2 Ng4 36.
Rf8 Ke5 37. h3 Bxd5 38. exd5 Nf6 39. Ra8 a5 40. Kf3 h5 41. Rb8 Nd7 42. Rg8 Kf5 43.
Ke3 g4 44. hxg4+ hxg4 45. Kd4 Kf4 46. d6 g3 47. Rg7 Nc5 48. Kd5 Kf3 49. d7 Nb7 50.
Kc6 Nd8+ 51. Kxb6 g2 52. Kxa5 Kf2 53. Kb6 g1=Q 54. Rxg1 Kxg1 55. c5 Kf2 56. c6 Ke3 1-0

[Event "*** Titled Tuesday 3|2 Blitz"]
[Site "Chess.com"]
[Date "2017.03.07"]
[Round "4"]
[White "Wolverine_master"]
[Black "chessbia"]
[Result "1-0"]
[WhiteElo "1949"]
[BlackElo "2108"]
[TimeControl "180+2"]
[EndTime "13:56:50 PST"]
[Termination "Wolverine_master won by resignation"]

1. Nf3 d5 2. g3 g6 3. Bg2 Bg7 4.
O-O e5 5. d3 Ne7 6. c4 c6 7. Nc3 O-O 8. Bg5 f6 9. Bd2 Be6 10.
cxd5 cxd5 11. Rc1 Nbc6 12. a3 Rc8 13. b4 a6 14. Na4 b6 15. Qb3 Bf7 16. b5 d4 17. Qb2 axb5 18. Qxb5 Na5 19. Nxb6 Rxc1 20. Bxc1 Nb3 21. Nd2 Nxc1 22. Rxc1 Nf5 23. Bd5 Bh6 24. Rc8 Qe7 25. Rxf8+ Bxf8 26. Ne4 Kg7 27. Bxf7 Qxf7 28. a4 h5 29. Qd7 Qxd7 30. Nxd7 Bb4 31.
Ndxf6 Ne7 32. Nd7 Nc6 33. Kg2 Kf7 34. f4 exf4 35. gxf4 Ke6 36. Ndc5+ Kf5 37. Kf3 Ne7 38. Nb3 Nc6 39. Ng3+ Ke6 40. Ke4 h4 41. f5+ Kf6 42. fxg6 hxg3 43. hxg3 Bc3 44. Kd5 Ne7+ 45. Kc4 Nf5 46.
a5 Nd6+ 47. Kd5 Nb5 48. a6 Kxg6 49. Kc6 Na7+ 50. Kb7 Nb5 51. a7 Nxa7 52. Kxa7 Kf5 53. Kb6 Kg4 54. Kc5 Kxg3 55. Nxd4 Kf2 56. Kc4 Ba1 57.
e4 Ke3 58. Nc2+ 1-0

[Event "*** Titled Tuesday 3|2 Blitz"]
[Site "Chess.com"]
[Date "2017.03.07"]
[Round "4"]
[White "Danhy"]
[Black "pKiLz5Rn9b"]
[Result "0-1"]
[WhiteElo "2354"]
[BlackElo "2545"]
[TimeControl "180+2"]
[EndTime "13:56:52 PST"]
[Termination "pKiLz5Rn9b won by resignation"]

1. d4 Nf6 2. c4 e6 3. Nf3 b6 4.
Nc3 Bb4 5. Qb3 c5 6. Bg5 Nc6 7. e3 h6 8. Bh4 d6 9. a3 Ba5 10. Rd1 Qc7 11. Be2 Ne4 12. O-O Nxc3 13. bxc3 O-O 14. d5 Ne7 15. dxe6 fxe6 16. Rd2 Bb7 17. Rfd1 Rad8 18. Bg3 Nf5 19. Bf4 Qe7 20. Qc2 e5 21. Bxe5 Bxf3 22. Bxf3 Qxe5 23. Rd5 Qf6 24. Be4 Ne7 25. R5d3 Qe5 26. f3 Qe6 27. Qa4 Kh8 28. Qb3 Nf5 29. Qc2 Ne7 30. Qb3 Rf6 31. Qa4 Qf7 32. Qb3 Ng8 33. Bd5 Qe7 34. e4 Rff8 35. Re3 Nf6 36. Rde1 Nd7 37. Qc2 Ne5 38. Qd2 a6 39. Kh1 b5 40. cxb5 axb5 41. Rf1 Bb6 42. f4 Nc4 43. Bxc4 bxc4 44. Ree1 Bc7 45. Qd5 Qf7 46. Qc6 Ba5 47. Re3 Qf6 48. Rff3 Rb8 49. h3 Rb3 50. Kh2 Bxc3 51. e5 dxe5 52. Qxf6 Rxf6 53.
Rxc3 exf4 54. Rxb3 cxb3 55. Rxb3 Ra6 56. Rc3 Ra5 57.
Kg1 g5 58. Kf2 Kg7 59. Kf3 Kf6 60. Ke4 Ke6 61. h4 Ra4+ 62. Kf3 Kd5 63. hxg5 hxg5 64. Kg4 Kd4 65. Rf3 Ra8 66. Kxg5 Rg8+ 67. Kxf4 Rxg2 68. Kf5 c4 69. Ke6 c3 70. Rf8 Ra2 71. Rd8+ Ke3 72. Kd5 c2 73. Rc8 Kd2 0-1

[Event "*** Titled Tuesday 3|2 Blitz"]
[Site "Chess.com"]
[Date "2017.03.07"]
[Round "4"]
[White "proxy6"]
[Black "capatl"]
[Result "1-0"]
[WhiteElo "2160"]
[BlackElo "2337"]
[TimeControl "180+2"]
[EndTime "13:56:52 PST"]
[Termination "proxy6 won by resignation"]

1. e4 c5 2. Nf3 e6 3. d4 cxd4 4.
Nxd4 a6 5. c4 Nf6 6. Nc3 d6 7. Be3 Nbd7 8. Be2 b6 9. O-O Bb7 10. f3 Be7 11. a3 O-O 12. b4 Qc7 13. Rc1 Rfc8 14. Qd2 Qd8 15. Rfd1 Rc7 16. Bf1 Rac8 17.
Na4 Bc6 18. Nxc6 Rxc6 19. Qf2 Qc7 20. Nb2 Qb7 21. Qe2 Ne5 22. h3 g6 23. f4 Ned7 24.
Qf3 b5 25. Bd3 bxc4 26. Nxc4 Qa8 27. Na5 Rxc1 28. Rxc1 Rxc1+ 29. Bxc1 d5 30. e5 Ne4 31. Be3 Qc8 32. Qe2 Qc3 33. Bxa6 Qxa3 34. Nc6 Bxb4 35. Nxb4 Qxb4 36. Kh2 Ndc5 37. Qb5 Qxb5 38. Bxb5 Kf8 39. Kg1 Ke7 40. Kf1 f6 41. Ke1 fxe5 42. fxe5 Nd7 43. Bd4 Ng3 44. Kf2 Nf5 45. Bb2 d4 46. g4 Ne3 47.
Bxd4 Nd5 48. Kf3 N7b6 49. Ke4 Nd7 50. Bc6 Nb4 51. Bb5 Nd5 52. Bc6 N7b6 53. Bc5+ Kf7 54. Bd6 Nc3+ 55. Kd3 Nd1 56. Ke2 Nc3+ 57. Kd3 Ncd5 58.
Bc5 Nc8 59. Ke4 Nce7 60. Bb7 Nc3+ 61. Kd3 Nd1 62. Kc2 Nd5 63. Kxd1 Nc3+ 64. Kc2 Nb5 65. Kd3 Nc7 66. Ke4 Nb5 67. Bc6 Nc3+ 68. Kd3 Na2 69. Kc2 1-0

[Event "*** Titled Tuesday 3|2 Blitz"]
[Site "Chess.com"]
[Date "2017.03.07"]
[Round "4"]
[White "iturrizaga"]
[Black "Rbrrt"]
[Result "1-0"]
[WhiteElo "2637"]
[BlackElo "2049"]
[TimeControl "180+2"]
[EndTime "13:56:53 PST"]
[Termination "iturrizaga won by checkmate"]

1. Nf3 Nf6 2. c4 c6 3. g3 d5 4. Bg2 g6 5. O-O Bg7 6. d4 O-O 7. Ne5 Be6 8. cxd5 Bxd5 9. f3 Nfd7 10. Ng4 Qb6 11. e3 e5 12. dxe5 Nxe5 13. Nxe5 Bxe5 14. Nc3 Bc4 15. Rf2 Rd8 16. Qa4 Bd3 17. f4 Bg7 18. Qb3 Nd7 19. Bd2 Nc5 20. Qxb6 axb6 21. Rd1 Bc2 22. Rc1 Bf5 23. e4 Bd4 24. Rf1 Nd3 25.
Be1 Nxe1 26. Rxe1 Bxf2+ 27. Kxf2 Be6 28. Ke3 Bxa2 29. e5 Bc4 30. Be4 b5 31. Bc2 b4 32.
Ne4 Ra2 33. Nd6 Bd5 34. Rb1 b6 35. Be4 Bxe4 36. Kxe4 Kf8 37. f5 Ke7 38. f6+ Ke6 39.
Nc4 b5 40. Ne3 Rd2 41. Rc1 Kd7 42. b3 Re2 43. Rd1+ Rad2 44. Ra1 Ra2 45. Rd1+ Red2 46. Rc1 Rab2 47. Ra1 Ra2 48. Rc1 Rxh2 49. Rd1+ Rhd2 50. Rh1 h5 51. g4 hxg4 52. Rh7 Ke6 53. Rh8 Kd7 54.
Rf8 Kc7 55. Rxf7+ Rd7 56. Rf8 Ra7 57. e6 Kd6 58. exd7 Rxd7 59. Nxg4 Ke6 60. Re8+ Kf7 61.
Rc8 Rd6 62. Rc7+ Ke6 63. Re7# 1-0

[Event "*** Titled Tuesday 3|2 Blitz"]
[Site "Chess.com"]
[Date "2017.03.07"]
[Round "4"]
[White "HaryKane"]
[Black "eldur16"]
[Result "0-1"]
[WhiteElo "2277"]
[BlackElo "2328"]
[TimeControl "180+2"]
[EndTime "13:57:14 PST"]
[Termination "eldur16 won by resignation"]

1. e4 g6 2. d4 Bg7 3. Nc3 d6 4.
Be3 a6 5. f3 b5 6. Qd2 Nd7 7.
g4 Nb6 8. a3 Nf6 9. h4 h5 10.
gxh5 Nxh5 11. Qf2 Rb8 12. O-O-O c6 13. Be2 a5 14. f4 b4 15. axb4 axb4 16. Nb1 Qc7 17. Nh3 c5 18. f5 Nf6 19. fxg6 fxg6 20. Qg3 Bxh3 21. Qxg6+ Kf8 22. Rxh3 cxd4 23. Bxd4 Rc8 24. c3 Na4 25. Bb5 bxc3 26. Bxa4 c2 27. Rg1 Bh6+ 28. Be3 Bxe3+ 29. Rxe3 cxb1=Q+ 30. Kxb1 Rg8 31. Qh6+ Kf7 32. Bb3+ d5 33. Rf1 Rh8 34. Bxd5+ Ke8 35.
Qxh8+ Kd7 36. Qg7 Qc2+ 37. Ka1 Ra8+ 38. Ba2 Rxa2+ 39. Kxa2 Qc4+ 40. b3 Qxf1 41. Qg3 Qc1 42. Rd3+ Ke6 43. Qh3+ Kf7 44. Qg2 Qc6 45. Qf3 Qc2+ 46. Ka3 Qc5+ 47. Kb2 Qe5+ 48. Kc2 Qc5+ 49. Rc3 Qa5 50. h5 Qa2+ 51. Kd3 Qb1+ 52. Ke3 Qb2 53. Kd3 Qb1+ 54. Kc4 Qa1 55. e5 Qa6+ 56. Kb4 Qb6+ 57. Ka3 Qa5+ 58. Kb2 Qxe5 59. Qe3 Qh2+ 60. Rc2 Qxh5 61.
Qc3 Qd5 62. Qc4 e5 63. b4 Ke6 64. Qc8+ Kf7 65. Qc4 Ke6 66. b5 Qxc4 67. Rxc4 Kd5 68. b6 Kxc4 0-1

[Event "*** Titled Tuesday 3|2 Blitz"]
[Site "Chess.com"]
[Date "2017.03.07"]
[Round "4"]
[White "KNVB"]
[Black "Vegan4future"]
[Result "1-0"]
[WhiteElo "2482"]
[BlackElo "2267"]
[TimeControl "180+2"]
[EndTime "13:57:24 PST"]
[Termination "KNVB won by resignation"]

1. d4 Nf6 2. Nf3 g6 3. Bf4 Bg7 4. e3 O-O 5. h3 d6 6. c3 c5 7. dxc5 dxc5 8. Nbd2 b6 9. Be2 Bb7 10. Qc2 Nbd7 11. O-O Nd5 12. Bg3 e5 13. Rfe1 Qe7 14. a4 Rfe8 15. Bc4 Nc7 16. e4 Ne6 17. Nf1 Nf4 18. Ne3 Nf6 19. Bxf4 Bxe4 20. Qb3 exf4 21. Nd5 Nxd5 22. Bxd5 Bxd5 23. Qxd5 Qc7 24. Rad1 Red8 25. Qc4 Bf6 26. Nd2 Rac8 27. Kf1 Bg7 28. Ne4 f3 29. g3 Rxd1 30. Rxd1 Rd8 31. Rd5 Qc8 32. Ng5 Rxd5 33. Qxd5 Qc7 34. Qa8+ Bf8 35. Nxf3 h6 36. Qd5 a6 37. b3 b5 38. axb5 axb5 39. c4 bxc4 40. bxc4 Qa7 41. Ne5 Qe7 42. Nxg6 Qf6 43. Nxf8 Kxf8 44.
Qxc5+ Kg8 45. Qc8+ Kg7 46. Qg4+ Kh7 47. Qe4+ Kg7 48. c5 Qc3 49. c6 Qc1+ 50. Kg2 Qc3 51. Qd5 h5 52. Qd6 Qc4 53. c7 Qe4+ 54. Kh2 Qc2 55.
Qd4+ Kg6 56. Qf4 f6 57. g4 hxg4 58. Qxg4+ Kh6 59. c8=Q Qxf2+ 60. Qg2 Qf4+ 61. Kh1 Qg5 62. Qh8+ Kg6 63. Qxg5+ Kxg5 64. Qg7+ Kf5 65. h4 Ke6 66. h5 f5 67. h6 f4 68. h7 f3 69. h8=Q f2 70.
Qe5+ 1-0